 Dungeon Crawl Stone Soup version 0.30.0-16-gbe6223bb7e (webtiles) character file.

Game seed: 7976585479308179539

92278 browni3141 the Sorcerer (level 15, -1/100 HPs)
             Began as a Mummy Summoner on May 20, 2023.
             Was an Initiate of Gozag.
             Hit by a javelin thrown by a merfolk javelineer (18 damage)
             ... on level 3 of the Shoals.
             The game lasted 01:15:09 (21608 turns).

browni3141 the Sorcerer (Mummy Summoner)           Turns: 21608, Time: 01:15:10

Health: -1/100     AC: 12    Str: 12    XL:     15   Next: 57%
Magic:  10/40      EV: 12    Int: 28    God:    Gozag
Gold:   7907       SH:  0    Dex: 12    Spells: 12/56 levels left

rFire   + . .        C - +4 trident (freeze)
rCold   + + .        (no shield)
rNeg    + + +        n - +2 ring mail {rF+}
rPois   ∞            h - +1 helmet
rElec   .            m - scarf {rC+ rF+}
rCorr   .            Q - +0 pair of gloves {hurl}
SInv    .            G - +1 pair of boots {rampage}
Will    +....        z - amulet of regeneration
Stlth   +            S - ring of wizardry
HPRegen 1.16/turn    r - +6 ring of intelligence
MPRegen 0.27/turn

%: rampage, faith, wizardry (x1)
@: very slow
A: cold resistance 1, negative energy resistance 3, torment resistance 2, heat
vulnerability 1, in touch with death 2, no potions, faith
a: Renounce Religion, Potion Petition, Call Merchant, Bribe Branch


You were on level 3 of the Shoals.
You worshipped Gozag.
Gozag was greatly pleased with you.
You visited 4 branches of the dungeon, and saw 21 of its levels.
You also visited: Bailey and Gauntlet.

You collected 8913 gold pieces.
You spent 854 gold pieces at shops.
You paid 152 gold pieces to Gozag.

Inventory:

Hand Weapons
 C - a +4 trident of freezing (weapon)
 X - the +5 trident "Bung" {heavy, Int+3}
   (You took it off a hobgoblin on level 3 of the Dungeon)

   Int:       It affects your intelligence (+3).
Missiles
 J - 14 javelins
 T - 10 boomerangs of dispersal
 Z - a throwing net
Armour
 h - a +1 helmet (worn)
 m - a scarf of resistance (worn)
 n - a +2 ring mail of fire resistance (worn)
 o - a +0 kite shield
 G - a +1 pair of boots of rampaging (worn)
 Q - a +0 pair of gloves of hurling (worn)
 W - a +2 robe
Magical Staves
 v - the staff of cold "Biadiot" {rPois rC+ rN+ Int+4}
   (You found it in a bailey)

   [staff of cold]

   Base accuracy: +5 Base damage: 5 Base attack delay: 1.2 This weapon's minimum
   attack delay (0.6) is reached at skill level 12.
   Int:       It affects your intelligence (+4).
   rC:        It protects you from cold.
   rPois:     It protects you from poison.
   rN:        It protects you from negative energy.
   It falls into the 'Staves' category.
   It is a one-handed weapon.
Jewellery
 e - a ring of fire
 f - a +4 ring of protection
 g - the ring "Giol" {rPois Slay+3 SInv}
   (You found it on level 9 of the Dungeon)

   [ring of see invisible]

   Slay:      It affects your accuracy & damage with ranged weapons and melee
   (+3).
   rPois:     It protects you from poison.
   SInv:      It lets you see invisible.
 i - a +4 ring of protection
 k - a ring of ice
 l - a +6 ring of dexterity
 r - a +6 ring of intelligence (right hand)
 t - a ring of protection from cold
 z - an amulet of regeneration (around neck)
 A - an amulet of guardian spirit
 D - a ring of magical power
 E - a ring of wizardry
 N - a ring of fire
 R - a ring of see invisible
 S - a ring of wizardry (left hand)
 U - a +5 ring of evasion
 Y - a ring of flight
Wands
 d - a wand of digging (8)
 p - a wand of polymorph (7)
 s - a wand of quicksilver (15)
 I - a wand of charming (13)
 V - a wand of flame (25)
Scrolls
 b - 3 scrolls of magic mapping
 c - 2 scrolls of brand weapon
 j - 2 scrolls of silence
 q - a scroll of immolation
 w - 2 scrolls of butterflies
 x - 7 scrolls of noise
 y - 3 scrolls of enchant armour
 B - 3 scrolls of enchant weapon
 F - 5 scrolls of fog
 H - 5 scrolls of fear
 K - 17 scrolls of teleportation
 L - 8 scrolls of vulnerability
 M - 2 scrolls of blinking
 O - 6 scrolls of poison
 P - 5 scrolls of amnesia
Miscellaneous
 a - a lightning rod (4/4)
 u - a phial of floods


   Skills:
 - Level 4.0 Fighting
 - Level 6.0 Polearms
 - Level 5.0 Dodging
 - Level 2.1 Stealth
 - Level 12.0 Shields
 - Level 21.0 Spellcasting
 + Level 12.1 Summonings


You had 12 spell levels left.
You knew the following spells:

 Your Spells              Type           Power      Damage    Failure   Level
a - Call Canine Familiar  Summ           78%        N/A       1%          3
b - Summon Hydra          Summ           39%        N/A       7%          7
c - Summon Horrible Thin  Summ           39%        N/A       45%         8
d - Summon Ice Beast      Ice/Summ       59%        N/A       1%          4
e - Summon Mana Viper     Hex/Summ       59%        N/A       2%          5
f - Monstrous Menagerie   Summ           39%        N/A       7%          7
g - Summon Guardian Gole  Hex/Summ       59%        N/A       1%          3
l - Summon Lightning Spi  Summ/Air       59%        N/A       1%          4
x - Call Imp              Summ           100%       N/A       1%          2
z - Summon Small Mammal   Summ           100%       N/A       0%          1

Your spell library contained the following spells:

 Spells                   Type           Power      Damage    Failure   Level
 Freeze                   Ice            100%       1d10      1%          1
 Ensorcelled Hibernation  Hex/Ice        58%        N/A       1%          2
 Dazzling Flash           Conj/Hex       58%        N/A       3%          3
 Frozen Ramparts          Ice            58%        1d9       3%          3
 Hailstorm                Conj/Ice       29%        3d8       3%          3
 Mephitic Cloud           Conj/Pois/Air  29%        N/A       3%          3
 Stone Arrow              Conj/Erth      58%        3d10      3%          3
 Vhi's Electric Charge    Tloc/Air       58%        N/A       3%          3
 Volatile Blastmotes      Fire/Tloc      58%        2d14      3%          3
 Airstrike                Air            14%        2d(3-19)  12%         4
 Anguish                  Hex/Necr       30%        N/A       12%         4
 Fulminant Prism          Conj/Hex       14%        3d9       12%         4
 Iskenderun's Mystic Bla  Conj/Tloc      29%        2d7       12%         4
 Arcjolt                  Conj/Air       14%        1d24      32%         5
 Lee's Rapid Deconstruct  Erth           14%        3d9*      32%         5
 Malign Gateway           Summ/Tloc      29%        N/A       61%         7
 Plasma Beam              Fire/Air       14%        2x1d28    85%         6
 Starburst                Conj/Fire      14%        6d6       85%         6
 Chain Lightning          Conj/Air       14%        3d19      100%        9
 Fire Storm               Conj/Fire      14%        8d4       100%        9
 Shatter                  Erth           14%        3d14*     100%        9
 Sublimation of Blood     Necr           Unusable   N/A       N/A         2
 Wereblood                Tmut           Unusable   N/A       N/A         2
 Spider Form              Tmut/Pois      Unusable   N/A       N/A         3

Dungeon Overview and Level Annotations

Branches:
Dungeon (11/15)            Temple (0/1) D:7            Lair (5/5) D:10
 Shoals (3/4) Lair:3       Spider (0/4) Lair:2        Slime (0/5) Lair:5
    Orc (2/2) D:10            Elf (0/3) Orc:2        Bailey (visited)
Gauntlet (visited)

Altars:
Ashenzari
Cheibriados
Fedhas
Gozag
Hepliaklqana
Makhleb
Okawaru
Qazlal
Ru
Sif Muna
Trog
Uskayaw
Yredelemnul
Jiyva
Lugonu

Shops:
Orc:2 ([**   Shoals:3 (

Portals:
Abyss: Lair:5
Ice
Cave: Shoals:2

Annotations:
D:8 2 runed translucent doors, Strat's ghost, novice MfFE
D:10 2 transporters, Palms's ghost, journeyman TrFi
Lair:5 1 runed translucent door, exclusion: door


Innate Abilities, Weirdness & Mutations

You are immune to poison.
Your flesh is cold resistant. (rC+)
You are immune to negative energy. (rN+++)
You are immune to unholy pain and torment.
You are vulnerable to heat. (rF-)
You are strongly in touch with the powers of death.
You do not drink.
You have a special connection with the divine. (Faith)


Message History

The merfolk hits your lindwurm with a +0 trident.
The merfolk avatar chants its luring song.
Reach: C) +4 trident (freeze)
Press: ? - help, Dir - move target, f/p - merfolk
Aim: a merfolk, wielding a +0 trident (moderately wounded, about 40% to evade your +4 trident of freezing)
You could not reach far enough!
The pull of its song draws you forwards.
You swap places with your four-headed hydra.
You enter the shallow water.
Moving in this stuff is going to be slow.
Your manticore bites the merfolk.
Your manticore closely misses the merfolk.
Your manticore claws the merfolk.
Your lindwurm barely misses the merfolk.
Your lindwurm claws the merfolk.
Your lindwurm misses the merfolk.
Your four-headed hydra misses the merfolk avatar.
Your four-headed hydra bites the merfolk avatar!
Your four-headed hydra closely misses the merfolk avatar.
Your four-headed hydra bites the merfolk avatar!
The merfolk avatar chants its luring song.
Reach: C) +4 trident (freeze)
Press: ? - help, Dir - move target, f/p - merfolk
Aim: a merfolk, wielding a +0 trident (heavily wounded, about 40% to evade your +4 trident of freezing)
You could not reach far enough!
Your four-headed hydra disappears in a puff of smoke!
The merfolk hits you from afar with a +0 trident.
* * * LOW HITPOINT WARNING * * *
Your lindwurm bites the merfolk but does no damage.
Your lindwurm barely misses the merfolk.
Your lindwurm claws the merfolk.
Your manticore bites the merfolk!
Your manticore closely misses the merfolk.
Your manticore barely misses the merfolk.
The merfolk hits your lindwurm with a +0 trident!
The merfolk avatar chants its luring song.
Reach: C) +4 trident (freeze)
Press: ? - help, Dir - move target, f/p - merfolk
Aim: a merfolk, wielding a +0 trident (severely wounded, about 40% to evade your +4 trident of freezing)
You reach to attack!
You hit the merfolk but do no damage.
The merfolk is severely wounded.
The merfolk barely misses you.
Your lindwurm bites the merfolk!
Your lindwurm claws the merfolk!
Your lindwurm misses the merfolk.
Your manticore flicks its tail.
The volley of spikes hits the merfolk!
The merfolk hits your lindwurm but does no damage.
The merfolk avatar chants its luring song.
Reach: C) +4 trident (freeze)
Press: ? - help, Dir - move target, f/p - merfolk
Aim: a merfolk, wielding a +0 trident (almost dead, not watching you, skewered by barbs, about 40% to evade your +4 trident of freezing)
You reach to attack!
You closely miss the merfolk.
The merfolk is almost dead.
The merfolk hits you from afar with a +0 trident.
* * * LOW HITPOINT WARNING * * *
Your manticore closely misses the merfolk.
Your manticore claws the merfolk.
Your manticore barely misses the merfolk.
Your lindwurm breathes flames at the merfolk.
The blast of flame hits the merfolk!!
The merfolk dies!
You hear a splash.
The merfolk avatar chants its luring song.
Reach: C) +4 trident (freeze)
Press: ? - help, Dir - move target, f/p - merfolk
Aim: a merfolk, wielding a +0 trident (almost dead, not watching you, skewered by barbs, ally target, about 40% to evade your +4 trident of freezing)
You reach to attack!
Your unstable footing causes you to fumble your attack.
The merfolk hits your manticore with a +0 trident!!
Your lindwurm closely misses the merfolk.
Your lindwurm claws the merfolk.
Your lindwurm claws the merfolk!
The merfolk dies!
Your manticore flicks its tail.
The volley of spikes hits the merfolk avatar!
The merfolk avatar chants its luring song.
You closely miss the merfolk avatar.
The merfolk avatar is almost dead.
Your lindwurm breathes flames at the merfolk avatar.
The blast of flame hits the merfolk avatar!!!
You break out of your daze!
The merfolk avatar dies!
Your lindwurm is engulfed in a cloud of scalding steam.
You now have 7907 gold pieces (gained 8).
Your lindwurm is engulfed in a cloud of scalding steam.
A merfolk javelineer comes into view. It is wielding a +5 spear of venom.
The merfolk javelineer shouts!
The merfolk javelineer throws a javelin.
The javelin pierces through you!
* * * LOW HITPOINT WARNING * * *
The merfolk javelineer throws a javelin.
The javelin pierces through you!
* * * LOW HITPOINT WARNING * * *
You rampage towards the merfolk javelineer!
Your lindwurm is engulfed in a cloud of scalding steam.
Your manticore is engulfed in a cloud of scalding steam.
The merfolk javelineer throws a javelin.
The javelin pierces through you!!
* * * LOW HITPOINT WARNING * * *
You see here a scroll of fog.
The merfolk javelineer throws a javelin.
The javelin pierces through you!!
You die...
Your body crumbles into a pile of gold.

~~~~ #..~~~...~~~~~~~...
≈~~~# #.~~~.$.~~~~~~....
≈≈~~.###.<~$$~~~~........
≈≈~~~....~~~~~~).....>...
≈~~~~~~~~~~~~~~.##...##..
~~~~~~~~~~~~~~~~#).)(.#..
~~~~~~~~~~~~~~~~.........
~~~~~~kH~~~~~~~~~~~∩...).
....~~:~@~~~~~~~~~~~.)..)
.##..........~~~#~~~~†#..
#..##.####..~~##~~~##..
..m# #.. #.~~..~~~....
~~.. ... .~~~~.~~~~~~.
~.. .... ~≈≈≈≈≈≈≈~~~ ~.
..~~~ ≈≈≈≈≈≈≈≈≈≈≈ ##.~
≈≈≈≈≈≈≈≈≈≈~ ≈≈≈≈≈≈~


You could see a merfolk javelineer (ally target), a friendly manticore
(summoned) and a friendly lindwurm (summoned).

Vanquished Creatures
  2 catoblepae (Lair:3)
  2 hydras
  3 ogre magi (Orc:2)
  5 two-headed ogres (Orc:2)
  2 merfolk avatars (Shoals:1)
  2 thrashing horrors (Lair:5)
  A skyshark (Lair:5)
  2 sea snakes (Shoals:1)
  2 lindwurms (Lair:2)
  A deep elf pyromancer (D:11)
  An ugly thing (Lair:5)
  11 elephants
  3 black mambas
  2 smoke demons (Lair:5)
  2 merfolk sirens
  Maurice (D:10)
  6 cane toads
  A rime drake (D:10)
  8 komodo dragons
  3 ancient zymes (Lair:5)
  4 merfolk
  4 trolls
  A wind drake (Shoals:1)
  A hornet (D:8)
  A snapping turtle (Shoals:3)
  10 blink frogs
  2 jumping spiders (Lair:2)
  A wraith (D:7)
  2 vampires (D:11)
  A basilisk (Lair:5)
  8 yaks
  A redback (Lair:2)
  2 wyverns
  A vampire mosquito (D:11)
  A warg (Orc:2)
  8 water moccasins
  10 orc warriors
  3 black bears
  3 ice beasts
  19 ogres
  2 centaurs
  17 wolves
  2 phantoms
  5 kobold brigands
  A gnoll sergeant (D:7)
  9 bullfrogs
  3 scorpions (D:5)
  11 wights
  4 small abominations (Lair:5)
  6 killer bees
  An electric eel (Lair:5)
  14 orc priests
  A gnoll bouda (D:7)
  A hound (D:4)
  13 orc wizards
  19 gnolls
  6 adders
  A white imp (D:5)
  8 dart slugs
  34 orcs
  A bat (D:1)
  3 endoplasms
  3 giant cockroaches
  15 goblins
  12 hobgoblins
  5 jackals
  11 kobolds
  A quokka (D:3)
  9 ball pythons
  6 frilled lizards
  2 rats
369 creatures vanquished.

Vanquished Creatures (collateral kills)
  Aizul (Shoals:1)
  A merfolk javelineer (Shoals:1)
  Fannar (D:11)
  An ogre mage (Orc:2)
  2 catoblepae
  A centaur warrior (Shoals:1)
  A merfolk aquamancer (Shoals:1)
  A merfolk avatar (Shoals:3)
  8 two-headed ogres
  An orc high priest (Orc:2)
  2 sea snakes (Shoals:1)
  An orc knight (Orc:2)
  An ugly thing (D:11)
  7 manticores
  4 fauns
  2 orc sorcerers (Orc:1)
  2 cyclopes
  3 elephants (Lair:5)
  2 merfolk sirens
  2 water nymphs (Shoals:1)
  A smoke demon (Lair:5)
  3 gargoyles
  A rime drake (Lair:3)
  An unseen horror (D:11)
  3 komodo dragons
  2 anaconda simulacra (Shoals:2)
  A wind drake (Shoals:1)
  3 trolls
  A queen bee (Gauntlet)
  A blink frog (shapeshifter) (Lair:5)
  10 merfolk
  2 snapping turtles (Shoals:1)
  8 blink frogs
  Sigmund (D:3)
  3 shadows (Gauntlet)
  A ynoxinul (Lair:5)
  2 wyverns
  3 water elementals (Shoals:1)
  A vampire (D:10)
  16 yaks
  A basilisk (Lair:2)
  A vampire mosquito (D:11)
  A minotaur simulacrum (Shoals:2)
  A harpy simulacrum (Shoals:2)
  A warg (Orc:2)
  5 water moccasins
  3 ice beasts (D:10)
  8 orc warriors
  A sky beast (D:7)
  A black bear (Lair:1)
  13 ogres (Orc:2)
  9 wolves
  Blork the orc (D:5)
  A gnoll sergeant (D:7)
  7 bullfrogs
  A scorpion (D:6)
  4 small abominations (Lair:5)
  5 wights (D:8)
  8 killer bees
  A howler monkey (D:10)
  4 orc priests (Orc:2)
  6 hounds
  Terence (D:2)
  Ijyb (D:3)
  An iguana (D:5)
  16 orc wizards
  Natasha (D:3)
  5 nameless horrors
  Robin (D:2)
  2 adders
  14 gnolls
  3 shadow imps
  2 white imps
  3 worms
  47 orcs
  A ball python (D:2)
  4 bats
  4 endoplasms
  2 giant cockroaches
  9 goblins
  6 hobgoblins
  7 jackals
  A quokka (D:5)
  A frilled lizard (D:1)
  11 kobolds
  2 rats
  A butterfly (Lair:5)
337 creatures vanquished.

Vanquished Creatures (others)
  An orc warlord (Bailey)
  A minotaur (Gauntlet)
  A hydra (Lair:2)
  2 two-headed ogres (Orc:2)
  A thrashing horror (Lair:5)
  Lodul (D:10)
  A large abomination (Lair:5)
  A pharaoh ant (Lair:2)
  An orc knight (Bailey)
  An ugly thing (Lair:5)
  A manticore (D:11)
  An elephant (Lair:3)
  2 cane toads
  2 rime drakes
  5 komodo dragons (Lair:4)
  A troll (Orc:2)
  An ancient zyme (Lair:5)
  A polar bear (D:10)
  A jumping spider (Lair:2)
  A spriggan (Lair:5)
  3 yaks
  A ynoxinul (Lair:5)
  2 basilisks
  10 orc warriors
  A wolf (Lair:5)
  A centaur (D:8)
  6 ogres
  A scorpion (D:6)
  A gnoll sergeant (D:6)
  A wight (D:6)
  3 small abominations (Lair:5)
  A killer bee (D:9)
  An orc priest (Orc:1)
  Crazy Yiuf (D:2)
  2 orc wizards
  7 gnolls
  5 orcs
  2 hobgoblins (Bailey)
  A goblin (Bailey)
77 creatures vanquished.

Grand Total: 783 creatures vanquished

Notes
Turn   | Place    | Note
-------+----------+-------------------------------------------
     0 | D:1      | browni3141 the Mummy Summoner began the quest for the Orb.
     0 | D:1      | Reached XP level 1. HP: 13/13 MP: 4/4
   241 | D:1      | Reached XP level 2. HP: 19/19 MP: 3/5
   289 | D:1      | Reached skill level 3 in Spellcasting
   752 | D:1      | Gained mutation: You are in touch with the powers of death.
                  | [Mummy growth]
   752 | D:1      | Reached XP level 3. HP: 19/24 MP: 7/7
   759 | D:1      | Learned a level 2 spell: Call Imp
   763 | D:1      | Learned a level 3 spell: Call Canine Familiar
  1167 | D:2      | Noticed Terence
  1187 | D:2      | Killed Terence
  1188 | D:2      | Reached skill level 4 in Spellcasting
  1188 | D:2      | Reached XP level 4. HP: 4/30 MP: 0/10
  1586 | D:2      | Found a faded altar of an unknown god.
  1634 | D:2      | Noticed Robin
  1647 | D:2      | Killed Robin
  1779 | D:2      | Found a runed translucent door.
  1780 | D:2      | Noticed Crazy Yiuf
  1860 | D:2      | Learned a level 3 spell: Summon Guardian Golem
  1866 | D:2      | Killed Crazy Yiuf
  1867 | D:2      | Reached skill level 5 in Spellcasting
  1867 | D:2      | Reached XP level 5. HP: 35/35 MP: 7/12
  1932 | D:3      | Noticed Sigmund
  1985 | D:3      | Found an opulent altar of Gozag.
  2027 | D:3      | Became a worshipper of Gozag Ym Sagoz the Greedy
  2328 | D:3      | Killed Sigmund
  2329 | D:3      | Reached skill level 6 in Spellcasting
  2329 | D:3      | Reached XP level 6. HP: 16/41 MP: 9/15
  2488 | D:3      | Identified the +5 trident "Bung" {heavy, Int+3}
  2527 | D:3      | Noticed Ijyb
  2565 | D:3      | Killed Ijyb
  2855 | D:3      | Noticed Natasha
  2867 | D:3      | Killed Natasha
  2868 | D:3      | Reached skill level 7 in Spellcasting
  3081 | D:4      | Reached XP level 7. HP: 38/46 MP: 13/17
  3512 | D:4      | Reached skill level 8 in Spellcasting
  3893 | D:5      | Entered Level 5 of the Dungeon
  4176 | D:5      | Found a broken altar of Ashenzari.
  4192 | D:5      | Reached skill level 9 in Spellcasting
  4215 | D:5      | Reached XP level 8. HP: 41/52 MP: 18/21
  4734 | D:5      | Noticed Blork the orc
  4754 | D:5      | Killed Blork the orc
  4828 | D:5      | Reached skill level 10 in Spellcasting
  4921 | D:5      | Found a bloodstained altar of Trog.
  5074 | D:5      | Reached skill level 6 in Summonings
  5290 | D:5      | Found a shimmering blue altar of Sif Muna.
  5760 | D:6      | Reached skill level 11 in Spellcasting
  6013 | D:6      | Reached XP level 9. HP: 51/57 MP: 17/24
  6693 | D:7      | Found a flagged portal.
  6756 | Bailey   | Entered a bailey
  6806 | Bailey   | Reached skill level 12 in Spellcasting
  7011 | Bailey   | Reached skill level 3 in Polearms
  7018 | Bailey   | Noticed an orc knight
  7040 | Bailey   | Killed an orc knight
  7136 | Bailey   | Reached skill level 13 in Spellcasting
  7279 | Bailey   | Reached XP level 10. HP: 60/63 MP: 20/27
  7367 | Bailey   | Noticed an orc warlord
  7389 | Bailey   | Killed an orc warlord
  7452 | Bailey   | Identified the staff of cold "Biadiot" {rPois rC+ rN+
                  | Int+4}
  7603 | D:7      | Found a stormy altar of Qazlal.
  7858 | D:7      | Found a blossoming altar of Fedhas.
  8016 | D:7      | Found a staircase to the Ecumenical Temple.
  8252 | D:7      | Reached skill level 14 in Spellcasting
  8312 | D:7      | Found a basalt altar of Yredelemnul.
  8440 | D:8      | Noticed a two-headed ogre
  8457 | D:8      | Killed a two-headed ogre
  8458 | D:8      | Reached skill level 6 in Polearms
  8657 | D:8      | Found a large runed translucent door.
  8658 | D:8      | Found a large runed translucent door.
  8732 | D:8      | Found a hazy altar of Hepliaklqana.
  8773 | D:8      | Reached XP level 11. HP: 63/68 MP: 24/29
  8861 | D:8      | Noticed Strat's ghost (novice MfFE)
  9093 | D:9      | Noticed a two-headed ogre
  9101 | D:9      | Killed a two-headed ogre
  9102 | D:9      | Reached skill level 15 in Spellcasting
  9378 | D:9      | Found a snail-covered altar of Cheibriados.
  9555 | D:9      | Identified the ring "Giol" {rPois Slay+3 SInv}
  9731 | D:10     | Entered Level 10 of the Dungeon
  9774 | D:9      | Learned a level 4 spell: Summon Lightning Spire
  9782 | D:9      | Learned a level 7 spell: Summon Hydra
  9791 | D:9      | Learned a level 8 spell: Summon Horrible Things
  9796 | D:10     | Found a transporter.
  9802 | D:10     | Found a bloodstained altar of Trog.
  9809 | D:10     | Noticed a two-headed ogre
  9809 | D:10     | Noticed a two-headed ogre
  9810 | D:10     | Noticed Palms's ghost (journeyman TrFi)
  9811 | D:10     | Noticed a deep troll
 10102 | D:10     | Found a staircase to the Lair.
 10102 | D:10     | Noticed Maurice
 10112 | D:10     | Killed Maurice
 10226 | D:10     | Identified the +6 falchion "Cievuof" {venom, Dex+7}
 10288 | D:10     | Found a sacrificial altar of Ru.
 10385 | D:10     | Reached skill level 3 in Fighting
 10414 | D:10     | Found a burning altar of Makhleb.
 10529 | D:10     | Found a transporter.
 10556 | D:10     | Found a hide-covered altar of Uskayaw.
 10613 | D:10     | Noticed Lodul
 10622 | D:10     | Reached skill level 16 in Spellcasting
 10623 | D:10     | Killed Lodul
 10624 | D:10     | Reached skill level 3 in Shields
 10870 | D:10     | Found a staircase to the Orcish Mines.
 10959 | Lair:1   | Entered Level 1 of the Lair of Beasts
 11113 | Lair:1   | Reached skill level 9 in Summonings
 11194 | Lair:1   | Reached XP level 12. HP: 65/83 MP: 14/32
 11297 | Lair:1   | Got Sif Muna's Incunabulum of Gusts and Outbursts
 12157 | Lair:2   | Noticed a seven-headed hydra
 12468 | Lair:2   | Reached skill level 17 in Spellcasting
 12618 | Lair:2   | Killed a seven-headed hydra
 12694 | Lair:2   | Reached skill level 3 in Dodging
 12788 | Lair:2   | Noticed a four-headed hydra
 12807 | Lair:2   | Killed a four-headed hydra
 12952 | Lair:2   | Reached skill level 6 in Shields
 13010 | Lair:2   | Found a hole to the Spider Nest.
 13699 | Lair:3   | Found a staircase to the Shoals.
 13717 | Lair:3   | Gained mutation: You are strongly in touch with the powers
                  | of death. [Mummy growth]
 13717 | Lair:3   | Reached XP level 13. HP: 61/88 MP: 34/34
 14096 | Lair:3   | Reached skill level 18 in Spellcasting
 14764 | Lair:4   | Found an iron altar of Okawaru.
 15421 | Lair:5   | Entered Level 5 of the Lair of Beasts
 15539 | Lair:5   | Identified a scroll of acquirement
 15551 | Lair:5   | Acquired a book of Beasts
 15558 | Lair:5   | Learned a level 4 spell: Summon Ice Beast
 15564 | Lair:5   | Learned a level 5 spell: Summon Mana Viper
 15572 | Lair:5   | Learned a level 7 spell: Monstrous Menagerie
 15812 | Lair:5   | Found a runed translucent door.
 15812 | Lair:5   | Found a viscous altar of Jiyva.
 15812 | Lair:5   | Found a staircase to the Slime Pits.
 15812 | Lair:5   | Noticed an azure jelly
 15812 | Lair:5   | Noticed an azure jelly
 15812 | Lair:5   | Noticed an azure jelly
 15949 | Lair:5   | HP: 3/88 [elephant (12)]
 16040 | Lair:5   | Reached skill level 19 in Spellcasting
 16216 | Lair:5   | Reached XP level 14. HP: 95/95 MP: 23/37
 16619 | Lair:5   | Reached skill level 9 in Shields
 16709 | Lair:5   | Found a corrupted altar of Lugonu.
 16709 | Lair:5   | Found a one-way gate to the infinite horrors of the Abyss.
 16982 | Orc:1    | Entered Level 1 of the Orcish Mines
 17501 | Orc:2    | Entered Level 2 of the Orcish Mines
 17817 | Orc:2    | Found a staircase to the Elven Halls.
 17920 | Orc:2    | Reached skill level 20 in Spellcasting
 18282 | Orc:2    | Found Veryuxko's General Store.
 18282 | Orc:2    | Found Irhid's Assorted Antiques.
 18283 | Orc:2    | Found Mopox's Antique Armour Boutique.
 18283 | Orc:2    | Found Headuko's Antique Weapon Shoppe.
 18725 | Orc:2    | Bought a scroll of identify for 30 gold pieces
 18727 | Orc:2    | Bought a scroll of poison for 104 gold pieces
 18727 | Orc:2    | Bought a scroll of fear for 104 gold pieces
 18729 | Orc:2    | Bought a glowing ring mail for 196 gold pieces
 18729 | Orc:2    | Bought a pair of embroidered boots for 210 gold pieces
 18729 | Orc:2    | Bought a pair of embroidered boots for 210 gold pieces
 19145 | D:11     | Found a gate leading to a gauntlet.
 19167 | Gauntlet | Entered a Gauntlet
 19167 | Gauntlet | Found a transporter.
 19167 | Gauntlet | Found a transporter.
 19175 | Gauntlet | Found a transporter.
 19179 | Gauntlet | Found a transporter.
 19190 | Gauntlet | Found a transporter.
 19191 | Gauntlet | Found a transporter.
 19199 | Gauntlet | Found a transporter.
 19216 | Gauntlet | Found a transporter.
 19230 | Gauntlet | Found a transporter.
 19234 | Gauntlet | Found a transporter.
 19242 | Gauntlet | Found a transporter.
 19246 | Gauntlet | Found a transporter.
 19486 | Gauntlet | Identified the +7 flail of Onydack {flame, *Corrode rF+
                  | rN+}
 19610 | Gauntlet | Reached XP level 15. HP: 86/100 MP: 33/39
 19622 | Gauntlet | Got Buics's Codex of the Gritty Fifth Circle
 20013 | D:11     | Noticed Fannar
 20040 | D:11     | Killed Fannar
 20484 | Shoals:1 | Entered Level 1 of the Shoals
 20747 | Shoals:1 | Reached skill level 21 in Spellcasting
 20863 | Shoals:1 | Noticed Aizul
 20872 | Shoals:1 | Killed Aizul
 21279 | Shoals:2 | Found a frozen archway.
 21530 | Shoals:3 | Found Obulymm's Weapon Boutique.
 21554 | Shoals:3 | Reached skill level 12 in Summonings
 21594 | Shoals:3 | Reached skill level 12 in Shields
 21608 | Shoals:3 | Hit by a javelin thrown by a merfolk javelineer

Illustrated notes

Levels and vault maps discovered:
D:1:      minmay_arrival_split_and_join, layout_loops_ring
D:2:      layout_rooms, dilly_ecumenical_altar_fadedgnrine, serial_bayou_ford_a,
          due_unseen_surprise, uniq_terence, uniq_robin, uniq_crazy_yiuf_cottage
D:3:      kennysheep_big_flooded_room, layout_rooms, nicolae_gozag_seed_capital,
          kennysheep_nondescript, minmay_diced_spiral, uniq_sigmund,
          uniq_natasha, uniq_ijyb
D:4:      layout_cave_pods, hex_medium
D:5:      layout_loops_cross, mainiacjoe_overflow_surrounded_room,
          kennysheep_little_box, ashenzari_altar_1, uniq_blork_the_orc
D:6:      layout_rooms
D:7:      layout_basic, mainiacjoe_overflow_24_doors, general_overflow_altar,
          lemuel_coloured_pillars_altar, minmay_temple_entry_trees,
          enter_bailey_6
D:8:      layout_gridville, nicolae_hepliaklqana_hazy_memory,
          ebering_ghost_disaster_area, kennysheep_generic_room_4
D:9:      layout_rooms, marbit_many_paths, mainiacjoe_overflow_small_starburst,
          evilmike_butchery
D:10:     layout_basic, nicolae_uskayaw_dance_studio,
          nicolae_ru_great_annihilating_truth, mainiacjoe_overflow_brackets,
          hellmonk_lair_entry_icy, david_orc_4,
          gammafunk_ghost_wrathful_warriors, uniq_maurice, uniq_lodul
D:11:     layout_basic, gauntlet_entry_generic, uniq_fannar
Lair:1:   layout_regular_city, grunt_megastairs_2
Lair:2:   layout_long_grid, nicolae_spider_entry_lesser_pyramids,
          nicolae_lair_lindhole
Lair:3:   layout_loops_ring, elwin_shoals_entry_stream,
          nicolae_lair_grazing_beasts [nicolae_sub_lair_graze_edge,
          nicolae_sub_lair_graze_edge, nicolae_sub_lair_graze_edge,
          nicolae_sub_lair_graze_edge]
Lair:4:   layout_hall_layers, basic_altar, beast_lair_carwin_8
Lair:5:   hellmonk_lair_end_abyssal_woods, layout_misc_corridors, slime_entry_2,
          serial_bayou_shore_a, lemuel_fruit_fields
Shoals:1: layout_shoals, uniq_aizul
Shoals:2: layout_shoals, portal_ice_cave_entry_ice_simulacra, uniq_polyphemus,
          uniq_mlioglotl
Shoals:3: layout_shoals, serial_shops, nicolae_shop_bloodbath_and_beyond
Orc:1:    layout_diamond_mine
Orc:2:    st_orc_ogre_mass, layout_caves, minmay_orc_temple_c

Skill      XL: |  1  2  3  4  5  6  7  8  9 10 11 12 13 14 15 |
---------------+----------------------------------------------+-----
Spellcasting   | 3 4 5 6 7 9 11 13 14 16 17 19 20 21 | 21.0
Stealth        | 2 |  2.1
Dodging        | 2 3 5 |  5.0
Summonings     | 4 5 6 7 8 9 10 11 12 | 12.1
Polearms       | 4 6 |  6.0
Fighting       | 4 |  4.0
Shields        | 3 6 8 10 12 | 12.0

Action                     |  1- 3 |  4- 6 |  7- 9 | 10-12 | 13-15 || total
---------------------------+-------+-------+-------+-------+-------++-------
  Melee: Unarmed           |    13 |       |       |       |       ||    13
         Spear             |    86 |   219 |   373 |       |       ||   678
         Punch             |       |       |     4 |     4 |     8 ||    16
         Trident           |       |       |    87 |   730 |   884 ||  1701
         Staff             |       |       |       |    10 |       ||    10
   Cast: Summon Small Mamm |    18 |       |       |       |       ||    18
         Call Imp          |     5 |    19 |    36 |    29 |    13 ||   102
         Call Canine Famil |     2 |    12 |    33 |    50 |    70 ||   167
         Summon Guardian G |       |     1 |    19 |    30 |    41 ||    91
         Summon Lightning  |       |       |       |     9 |    34 ||    43
         Summon Mana Viper |       |       |       |       |     9 ||     9
         Summon Hydra      |       |       |       |       |    28 ||    28
         Summon Ice Beast  |       |       |       |       |     4 ||     4
         Monstrous Menager |       |       |       |       |    12 ||    12
 Invoke: Potion Petition   |       |       |       |       |     1 ||     1
  Evoke: Wand              |       |       |     8 |    13 |    10 ||    31
    Use: Scroll            |       |       |       |       |    22 ||    22
   Stab: Sleeping          |     4 |     1 |     6 |     2 |     3 ||    16
         Distracted        |       |     2 |     5 |    11 |    13 ||    31
         Paralysed         |       |       |       |     1 |     5 ||     6
         Invisible         |       |       |       |     1 |       ||     1
         Petrified         |       |       |       |       |     8 ||     8
         Petrifying        |       |       |       |       |     1 ||     1
 Armour: Robe              |    18 |    76 |   162 |     4 |       ||   260
         Leather armour    |       |       |       |    60 |       ||    60
         Ring mail         |       |       |       |   266 |   322 ||   588
  Dodge: Dodged            |    54 |   128 |   252 |   378 |   531 ||  1343
